 Dungeon Crawl Stone Soup version 0.29-a0-1023-g6ae1a4a2c7 (webtiles) character file.

Game seed: 12872580370701591831

0 nono the Shield-Bearer (level 1, 1/1 (19) HPs)
             Began as a Meteoran Fighter on Aug 11, 2022.
             Tarried too long and was consumed by Zot
             ... on level 1 of the Dungeon.
             The game lasted 00:02:35 (1198 turns).

nono the Shield-Bearer (Meteoran Fighter)           Turns: 1198, Time: 00:02:36

HP:   1/1 (19)      AC:  6    Str: 17    XL:     1   Next: 14%
MP:   2/2           EV:  9    Int:  9    God:
Gold: 19            SH:  5    Dex: 13    Spells: 0/0 levels left

rFire   . . .      SeeInvis .   a - +0 flail
rCold   . . .      Faith    .   c - +0 buckler
rNeg    . . .      Spirit   .   b - +0 scale mail
rPois   .          Reflect  .   (no helmet)
rElec   .          Harm     .   (no cloak)
rCorr   .          Rampage  .   (no gloves)
Will    .....                   (no boots)
Stlth   ..........              (no amulet)
HPRegen 0.01/turn               (no ring)
MPRegen 0.08/turn               (no ring)

@: mighty, glowing, extremely drained, bezotted and risking death
A: sense surroundings 1, otherworldly, glowing, explore regen
a: no special abilities


You were on level 1 of the Dungeon.
You visited 1 branch of the dungeon, and saw 1 of its levels.

You collected 19 gold pieces.

Inventory:

Hand Weapons
 a - a +0 flail (weapon)
Armour
 b - a +0 scale mail (worn)
 c - a +0 buckler (worn)


   Skills:
 + Level 3.3 Fighting
 + Level 2.7 Maces & Flails
 + Level 3.6 Armour
 + Level 3.6 Shields


You couldn't memorise any spells.
You didn't know any spells.
Your spell library was empty.

Dungeon Overview and Level Annotations

Branches:
Dungeon (1/15) Zot: 0! You are so drained that the power of Zot will kill you!

Altars:


Innate Abilities, Weirdness & Mutations

You passively map a small area around you.
You are easily found by Zot.
You glow in the dark.
You regain HP and MP as you explore.


Message History

You open the door.
A rat comes into view.
Found 12 gold pieces.
There is an open door here.
You barely miss the rat. You block the rat's attack.
You barely miss the rat. The rat bites you but does no damage.
You barely miss the rat. The rat closely misses you.
You closely miss the rat. The rat bites you but does no damage.
The rat bites you.
You barely miss the rat. You block the rat's attack.
You hit the rat.
You kill the rat!
No target in view!
No target in view!
No target in view!
You see here a rat corpse.
You now have 19 gold pieces (gained 12).
You open the door.
You have lingered too long.
Zot senses you.
Dive deeper or flee this branch before you suffer!
Zot draws nearer.
Dive deeper or flee this branch before you suffer!
Zot has nearly found you.
Suffering is approaching.
Descend or flee this branch!
Zot's power touches on you...
You feel drained.
You have lingered too long.
Zot senses you.
Dive deeper or flee this branch before you suffer!
Zot draws nearer.
Dive deeper or flee this branch before you suffer!
Zot has nearly found you.
Suffering is approaching.
Descend or flee this branch!
Zot's power touches on you...
You feel drained.
Save game and exit?
Welcome back, nono the Meteoran Fighter.
Press ? for a list of commands and other information.
You have lingered too long.
Zot senses you.
Dive deeper or flee this branch before you perish!
Zot draws nearer.
Dive deeper or flee this branch before you perish!
You feel very mighty all of a sudden.
Save game and exit?
Welcome back, nono the Meteoran Fighter.
Press ? for a list of commands and other information.
Zot has nearly found you.
Death is approaching.
Descend or flee this branch!
Zot snuffs you out like a light.
You die...

, ,, ♣.P~≈ * * , *....
*♣.P~8 * , , , ....,
♣.P~≈ *, ... ,*♣.PPP ,
,,, ##+#.. ♣<... ,
##...## ♣♣♣.♣ * , *
##.....## #..# , ,
##.......## ##... *
#@........####...# ,
......'.........'.......
*
...####.........####...#
* , , ##.......## ##...
##.....## ##.# , * *
*##...## #.# * * ,....##
#.# , , ,* ..#.# .# * ,
# .#


There were no monsters in sight!

Vanquished Creatures
  A rat (D:1)
1 creature vanquished.

Notes
Turn   | Place    | Note
-------+----------+-------------------------------------------
     0 | D:1      | nono the Meteoran Fighter began the quest for the Orb.
     0 | D:1      | Reached XP level 1. HP: 19/19 MP: 2/2
   500 | D:1      | Glimpsed the power of Zot.
   550 | D:1      | Glimpsed the power of Zot.
   590 | D:1      | Glimpsed the power of Zot.
   599 | D:1      | Touched by the power of Zot.
   698 | D:1      | Glimpsed the power of Zot.
   748 | D:1      | Glimpsed the power of Zot.
   788 | D:1      | Glimpsed the power of Zot.
   798 | D:1      | Touched by the power of Zot.
   899 | D:1      | Glimpsed the power of Zot.
   949 | D:1      | Glimpsed the power of Zot.
   989 | D:1      | Glimpsed the power of Zot.
   998 | D:1      | Touched by the power of Zot.
  1099 | D:1      | Glimpsed the power of Zot.
  1149 | D:1      | Glimpsed the power of Zot.
  1189 | D:1      | Glimpsed the power of Zot.
  1198 | D:1      | Tarried too long and was consumed by Zot

Illustrated notes

Levels and vault maps discovered:
D:1:      tarquinn_simple_flora_water_a, layout_loops_corners,
          dreamdust_ecumenical_altar_angels_and_demons

Action                   || total
-------------------------++-------
Melee: Flail             ||     6
  Use: Potion            ||     1
Armor: Scale mail        ||     2
Dodge: Dodged            ||     1
Block: Buckler           ||     2

Table legend: (Time is in decaauts)
 A = Elapsed time spent in this place.
 B = Non-inter-level travel time spent in this place.
 C = Inter-level travel time spent in this place.
 D = Time resting spent in this place.
 E = Time spent auto-exploring this place.
 F = Levels seen in this place.
 G = Mean time per level.
                   A        B        C        D        E       F      G
               +--------+--------+--------+--------+--------+-----+--------+
         Total |   1199 |   1183 |     16 |      0 |      0 |   1 | 1199.0 |
       Dungeon |   1199 |   1183 |     16 |      0 |      0 |   1 | 1199.0 |
               +--------+--------+--------+--------+--------+-----+--------+

Top non-repeatable levels by time:
     D:1: 1199 daAuts
